Map: Rainfall LE

Players

SrAǂHgtefr - Winner!

  • Race: Zerg Zerg
  • League: Diamond

Yocto

  • Race: Zerg Zerg
  • League: Diamond

VOD

Have the link to the VOD?

Description

Time

  • Played on: Sept. 4, 2026, 9:22 a.m.
  • Length: 9:24
Show
View Real Time Build Order
Export as new Build Order

SrAǂHgtefr Zerg - Winner!

Build Orders: Pool First 

Get SALT Encoding   

  8  0:02  Drone  
  9  0:11  Drone  
  10  0:16  Drone  
  11  0:22  Drone  
  12  0:36  Overlord  
  12  0:54  Drone x2  
  12  0:55  Drone  
  15  1:08  Spawning Pool, Drone  
  15  1:15  Drone  
  16  1:35  Hatchery  
  16  1:37  Drone  
  16  1:40  Drone  
  16  1:44  Drone  
  18  1:57  Drone, Extractor  
  18  2:00  Queen  
  20  2:06  Overlord  
  20  2:14  Overlord  
  20  2:26  Drone  
  21  2:34  Drone  
  21  2:35  Queen  
  24  2:44  Drone  
  25  2:47  Queen  
  25  2:48  Drone  
  28  2:53  Zergling x2  
  29  3:16  Drone  
  29  3:17  Drone x5  
  35  3:29  Drone x3  
  38  3:44  Drone x2  
  40  3:50  Overlord x2  
  39  4:00  Evolution Chamber  
  38  4:02  Evolution Chamber  
  38  4:04  Drone x3  
  38  4:05  Roach Warren  
  38  4:09  Drone x4  
  43  4:28  Hatchery  
  43  4:29  Zerg Missile Weapons Level 1, Zerg Ground Armor Level 1  
  43  4:31  Drone x4  
  46  4:33  Extractor  
  46  4:34  Drone, Extractor  
  46  4:35  Extractor, Drone  
  46  4:36  Drone  
  46  4:39  Drone  
  46  4:41  Overlord  
  47  4:47  Lair  
  47  4:52  Drone x3  
  50  4:55  Roach  
  50  4:58  Roach  
  54  5:04  Roach x2  
  58  5:11  Drone x3  
  58  5:14  Roach  
  63  5:18  Overlord x2  
  63  5:37  Roach  
  63  5:38  Roach x7  
  63  5:41  Overlord  
  79  5:43  Overlord  
  79  5:57  Pneumatized Carapace  
  79  6:03  Roach x6  
  92  6:11  Drone x2  
  92  6:12  Drone x5  
  92  6:16  Burrow  
  98  6:20  Infestation Pit  
  98  6:25  Drone x3  
  100  6:30  Overseer  
  100  6:34  Zerg Missile Weapons Level 2  
  100  6:35  Zerg Ground Armor Level 2  
  100  6:39  Overlord x2  
  100  6:42  Overlord  
  100  6:52  Glial Reconstitution  
  100  6:58  Drone  
  100  6:59  Drone x11  
  112  7:13  Roach  
  92  7:27  Roach  
  92  7:28  Roach x12  
  108  7:35  Roach  
  108  7:36  Roach x3  
  112  7:42  Spine Crawler  
  112  7:43  Spine Crawler  
  112  7:44  Spine Crawler, Roach  
  107  7:45  Spine Crawler  
  107  7:49  Spine Crawler  
  107  7:50  Ravager  
  107  7:51  Spine Crawler, Ravager x2  
  107  7:53  Ravager  
  107  7:54  Zergling x2  
  107  7:55  Zergling x8  
  105  8:23  Drone  
  105  8:24  Drone x6  
  105  8:25  Extractor  
  104  8:28  Extractor  
  95  8:36  Roach  
  95  8:37  Roach x6  
  95  8:39  Hatchery  
  108  8:44  Drone  
  108  8:47  Roach  
  108  8:48  Roach x14  
  115  8:49  Hatchery  
  115  8:50  Overlord x4  
  114  8:59  Roach  
  114  9:02  Overlord  
Show
View Real Time Build Order
Export as new Build Order

Yocto Zerg 

Build Orders: Hatch First 

Get SALT Encoding   

  8  0:01  Drone  
  9  0:13  Drone  
  10  0:22  Overlord  
  10  0:28  Drone  
  11  0:36  Drone  
  12  0:45  Drone  
  12  0:46  Drone  
  14  0:54  Drone  
  15  1:04  Drone  
  16  1:14  Drone  
  17  1:21  Hatchery  
  16  1:37  Spawning Pool  
  15  1:40  Extractor  
  15  1:41  Drone  
  15  1:44  Drone  
  16  1:49  Drone  
  16  1:54  Drone  
  18  2:07  Overlord  
  18  2:25  Zergling x4  
  18  2:27  Queen  
  22  2:33  Queen  
  24  2:37  Drone  
  24  2:40  Drone  
  26  2:47  Metabolic Boost  
  26  2:57  Drone x4  
  30  3:13  Overlord  
  30  3:14  Drone x2  
  32  3:24  Overlord  
  32  3:34  Overlord  
  32  3:44  Queen  
  32  3:47  Drone x2  
  32  3:48  Drone x4  
  40  3:57  Evolution Chamber  
  39  4:05  Extractor  
  39  4:06  Drone x4  
  42  4:12  Roach Warren  
  42  4:17  Evolution Chamber  
  40  4:19  Spine Crawler  
  40  4:20  Lair  
  40  4:23  Extractor, Drone x2  
  40  4:37  Drone x3  
  40  4:38  Drone x3  
  46  4:41  Extractor  
  46  4:44  Zerg Ground Armor Level 1  
  45  4:58  Drone x2  
  47  5:03  Overlord x3  
  47  5:07  Zerg Missile Weapons Level 1  
  47  5:17  Drone  
  47  5:20  Glial Reconstitution  
  48  5:23  Drone x5  
  48  5:24  Drone  
  54  5:30  Roach  
  54  5:31  Roach  
  54  5:34  Roach x4  
  66  5:43  Overlord  
  66  5:44  Overlord  
  66  6:01  Overlord x3, Hatchery  
  65  6:12  Overlord  
  65  6:13  Overlord  
  65  6:14  Roach x3  
  65  6:18  Overlord  
  71  6:33  Roach  
  71  6:34  Roach x4  
  81  6:42  Ravager  
  81  6:43  Ravager x4  
  86  6:48  Roach x4  
  86  6:49  Roach  
  96  7:00  Roach  
  96  7:01  Roach x3  
  102  7:14  Roach x3  
  102  7:15  Roach x2  
  91  7:28  Zergling x2  
  91  7:29  Roach x2  
  93  7:30  Ravager  
  93  7:31  Ravager x2  
  93  7:33  Ravager  
  92  7:38  Zergling x6  
  95  7:44  Roach x2  
  95  7:45  Roach x3  
  105  7:56  Roach x4  
  99  8:20  Roach  
  99  8:21  Roach x6  
  99  8:22  Roach x5  
  107  8:28  Zergling x2, Roach  
  107  8:29  Roach  
  98  8:37  Roach x4  
  106  8:42  Roach  
  106  8:43  Roach x2  
  112  8:53  Zergling x2  
  112  8:54  Roach x5  
Tags
 
Add a new tag
Caveats
  • Supply blocks, unpowered buildings, or Contaminate may cause inaccurate times.
  • Supply counts are checked every 10 seconds.